 Dungeon Crawl Stone Soup version 0.21.1-1-g345015fe64 (webtiles) character file.

16892 KleinerIrrer the Cleaver (level 12, -10/77 HPs)
             Began as a Gargoyle Fighter on Apr 4, 2018.
             Was a High Priest of Okawaru.
             Killed from afar by a starcursed mass (13 damage)
             ... with an accursed screaming
             ... while paralysed by accursed screaming
             ... on level 3 of the Abyss.
             The game lasted 00:04:47 (14828 turns).

KleinerIrrer the Cleaver (Gargoyle Fighter)        Turns: 14828, Time: 00:04:48

Health: -10/77     AC: 27    Str: 25    XL:     12   Next: 42%
Magic:  0/18       EV:  2    Int:  9    God:    Okawaru [*****.]
Gold:   855        SH:  0    Dex:  9    Spells: 11/11 levels left

rFire    . . .     SeeInvis .   Y - +0 battleaxe
rCold    . . .     Gourm    .   (shield currently unavailable)
rNeg     + . .     Faith    .   i - +0 plate armour
rPois    ∞         Spirit   +   (no helmet)
rElec    +         Reflect  .   (no cloak)
rCorr    .         Harm     .   o - +1 pair of gloves
MR       .....                  (no boots)
Stlth    ..........             u - amulet of guardian spirit
HPRegen  0.22/turn              b - +4 ring of evasion
MPRegen  0.16/turn              k - +3 ring of evasion

@: paralysed, heroism
A: negative energy resistance 1, electricity resistance, unbreathing,
petrification resistance, rot immunity, AC +8
a: Heroism, Finesse, Renounce Religion


You were on level 3 of the Abyss.
You worshipped Okawaru.
Okawaru was extremely pleased with you.
You were not hungry.

You visited 2 branches of the dungeon, and saw 12 of its levels.
You visited the Abyss 1 time.

You collected 855 gold pieces.


Innate Abilities, Weirdness & Mutations

You are resistant to torment.
Your stone body is resilient. (AC +8)
You are immune to poison.
You resist negative energy. (rN+)
You are resistant to electric shocks. (rElec)
You can survive without breathing.
You are immune to petrification.
You are immune to rotting.


   Skills:
 - Level 10.0(15.0) Fighting
 + Level 12.7(17.7) Axes
 - Level 9.0(14.0) Armour
 - Level 2.2(7.2) Dodging
   Level 3.2(8.2) Shields
 + Level 8.9 Invocations


You had 11 spell levels left.
You didn't know any spells.

Inventory:

Hand Weapons
 c - a +0 dire flail
 f - a +3 broad axe of venom
 s - a +0 morningstar
 Y - a +0 battleaxe (weapon)
Armour
 i - a +0 plate armour (worn)
 o - a +1 pair of gloves (worn)
Jewellery
 b - a +4 ring of evasion (left hand)
 k - a +3 ring of evasion (right hand)
 u - an amulet of guardian spirit (around neck)
Wands
 t - a wand of digging (1)
Scrolls
 a - 8 scrolls of remove curse
 g - 9 scrolls of identify
Potions
 d - 3 potions of might
 j - a potion of curing
 l - 2 potions of haste
 n - a potion of mutation
 p - a potion of cancellation
Comestibles
 e - 25 rations
 h - 4 chunks of flesh

Dungeon Overview and Level Annotations

Branches:
Dungeon (11/15)            Temple (1/1) D:5            Lair (0/6) D:11
    Orc (0/2) D:9

Altars:
Ashenzari
Cheibriados
Dithmenos
Elyvilon
Fedhas
Gozag
Hepliaklqana
Kikubaaqudgha
Makhleb
Nemelex Xobeh
Okawaru
Qazlal
Ru
Sif Muna
Trog
Uskayaw
Vehumet
Wu Jian
Xom
Yredelemnul
Zin
The Shining One


Message History

You destroy the starcursed mass!
Okawaru accepts your kill.
A starcursed mass splits.
You hit the starcursed mass but do no damage.
The starcursed mass is severely damaged.
You slash the starcursed mass!
The starcursed mass shudders and is absorbed by its neighbour.
You slash the hell hound! You hit the hell hound.
The hell hound closely misses you.
A deafening chorus of shrieks assaults your mind!
* * * LOW HITPOINT WARNING * * *
You suddenly lose the ability to move!
The hell hound breathes flames at you. The blast of flame hits you!
* * * LOW HITPOINT WARNING * * *
The hell hound completely misses you.
The hell hound bites you but does no damage.
A starcursed mass splits.
A cacophony of accursed wailing tears at your sanity!
You die...

.### .## ##.#.# .#
#.#... .... X
#.... .. XX#....
...
..hX#..#####.## '.
#..h........!
.#.h@.%...... ..#
#..XXXX%%%.%......
..##X....##.......
#.#..........( ..
....#....## .#.# .
.#.#...#.## # ## #
. # ....### # .
.##.#


You could see 9 starcursed masses and 3 hell hounds.

Vanquished Creatures
  A hydra (D:11)
  2 two-headed ogres
  The ghost of KleinerIrrer the Cleaver, a novice FoFi of Okawaru (D:8)
  The ghost of KleinerIrrer the Cleaver, a novice FoFi (D:7)
  3 skeletal warriors (D:11)
  An unseen horror (D:10)
  An ugly thing (D:11)
  A smoke demon (Abyss:3)
  A komodo dragon (D:11)
  A meliai (shapeshifter) (Abyss:3)
  7 raiju (Abyss:3)
  A large abomination (Abyss:3)
  4 hippogriffs
  Sigmund (D:5)
  5 starcursed masses (Abyss:3)
  7 yaks
  A spriggan (D:7)
  A wraith (D:10)
  A vampire (D:11)
  2 small abominations (Abyss:3)
  2 wyverns
  A vampire mosquito (D:11)
  An acid dragon (D:10)
  7 orc warriors
  2 sky beasts
  3 ice beasts
  A black bear (D:7)
  A necrophage (D:9)
  4 phantoms
  7 ogres
  4 centaurs
  A big kobold (D:8)
  4 bullfrogs
  A wyvern zombie (D:8)
  3 scorpions
  A wyvern skeleton (D:11)
  5 wights (D:6)
  5 howler monkeys
  5 crimson imps
  2 bullfrog zombies
  7 hounds
  3 jellies
  11 orc priests
  A bullfrog skeleton (D:8)
  15 orc wizards
  Natasha (thrice) (D:3)
  An iron imp (Abyss:3)
  2 centaur skeletons
  4 iguanas
  8 worker ants
  2 hound zombies
  A hound skeleton (D:4)
  3 worker ant zombies
  16 adders
  4 gnolls (D:10)
  A shadow imp (D:10)
  An ooze (D:1)
  3 worms
  2 dart slugs
  9 leopard geckos
  58 orcs
  8 bats
  4 giant cockroaches
  7 goblins
  7 hobgoblins
  17 jackals
  7 quokkas
  2 ball pythons (D:1)
  8 frilled lizards
  A giant cockroach zombie (D:5)
  12 kobolds
  A leopard gecko skeleton (D:5)
  8 rats
  A plant (D:11)
341 creatures vanquished.

Vanquished Creatures (others)
  An orc (D:5)
  16 plants (D:11)
17 creatures vanquished.

Grand Total: 358 creatures vanquished

Notes
Turn   | Place    | Note
-------+----------+-------------------------------------------
     0 | D:1      | KleinerIrrer the Gargoyle Fighter began the quest for the Orb.
     0 | D:1      | Reached XP level 1. HP: 14/14 MP: 1/1
     0 | D:1      | 0 ||| counter = 59
    51 | D:1      | Reached skill level 2 in Axes
   302 | D:1      | Reached XP level 2. HP: 19/19 MP: 2/2
   451 | D:1      | Reached skill level 3 in Axes
   467 | D:1      | Reached XP level 3. HP: 23/23 MP: 3/3
  1279 | D:1      | 1279 ||| UPGRADING to pair of gloves.
  1284 | D:1      | 1284 ||| READING 2 scrolls labeled SASUIJ JAOSKALL.
  1285 | D:1      | 1285 ||| UPGRADING to club.
  1286 | D:1      | 1286 ||| SWAPPING to +0 war axe.
  1287 | D:1      | 1287 ||| READING 2 scrolls labeled VICIBO JURAPP.
  1288 | D:1      | 1288 ||| READING scroll labeled GIPEHEIDWI.
  1289 | D:1      | 1289 ||| READING scroll labeled POSOMYPINE.
  1290 | D:1      | 1290 ||| READING 3 scrolls labeled BYEPOLEOPH.
  1293 | D:1      | 1293 ||| READING scroll of identify.
  1293 | D:1      | 1293 ||| IDENTIFYING shiny silver ring
  1294 | D:1      | 1294 ||| DROPPING cursed ring of loudness.
  1613 | D:2      | Reached XP level 4. HP: 20/28 MP: 4/4
  1638 | D:2      | Reached skill level 4 in Axes
  2248 | D:2      | Reached XP level 5. HP: 31/32 MP: 5/5
  2657 | D:2      | 2657 ||| UPGRADING to cabochon ring.
  2658 | D:2      | 2658 ||| UPGRADING to gilded ring.
  2659 | D:2      | 2659 ||| READING scroll labeled KUM NUILAM.
  2660 | D:2      | 2660 ||| READING scroll labeled MITHILLU NAGGI.
  2661 | D:2      | 2661 ||| READING 2 scrolls of identify.
  2661 | D:2      | 2661 ||| IDENTIFYING silvery potion
  2854 | D:3      | Noticed Natasha
  2869 | D:3      | Killed Natasha
  2869 | D:3      | Reached skill level 5 in Axes
  3080 | D:3      | Found a shattered altar of Ashenzari.
  3277 | D:3      | Found a faded altar of an unknown god.
  3380 | D:3      | Noticed Natasha
  3386 | D:3      | Killed Natasha
  3495 | D:3      | 3495 ||| EATING 6 rations.
  3660 | D:3      | Reached XP level 6. HP: 39/39 MP: 6/6
  3666 | D:3      | 3666 ||| DROPPING +0 club.
  3667 | D:3      | 3667 ||| UPGRADING to flail.
  3668 | D:3      | 3668 ||| READING 3 scrolls of remove curse.
  3669 | D:3      | 3669 ||| SWAPPING to +0 war axe.
  3735 | D:3      | Noticed Natasha
  3740 | D:3      | Killed Natasha
  3782 | D:3      | 3782 ||| READING 4 scrolls of identify.
  3782 | D:3      | 3782 ||| IDENTIFYING fuming amethyst potion
  3783 | D:3      | 3783 ||| READING 3 scrolls of identify.
  3783 | D:3      | 3783 ||| IDENTIFYING fuming blue potion
  3784 | D:3      | 3784 ||| READING 2 scrolls of identify.
  3784 | D:3      | 3784 ||| IDENTIFYING ruby potion
  3804 | D:4      | Reached skill level 1 in Dodging
  3891 | D:4      | 3891 ||| STAIRDANCE
  4009 | D:4      | Reached XP level 7. HP: 36/44 MP: 7/7
  4061 | D:4      | Reached skill level 6 in Axes
  4950 | D:4      | 4950 ||| UPGRADING to large iron ring.
  4952 | D:4      | 4952 ||| REMOVING ring of magical power.
  4953 | D:4      | 4953 ||| DROPPING ring of magical power.
  4954 | D:4      | 4954 ||| UPGRADING to +4 ring of evasion.
  4955 | D:4      | 4955 ||| READING scroll labeled CAH REOHAEME.
  4956 | D:4      | 4956 ||| READING 2 scrolls of identify.
  4956 | D:4      | 4956 ||| IDENTIFYING orange potion
  4957 | D:4      | 4957 ||| DROPPING potion of berserk rage.
  4970 | D:5      | Entered Level 5 of the Dungeon
  5050 | D:5      | Noticed Sigmund
  5055 | D:5      | Reached skill level 7 in Axes
  5060 | D:5      | HP: 8/44 [orc priest/divine providence (12)]
  5061 | D:5      | 5061 ||| READING 4 scrolls of teleportation.
  5062 | D:5      | 5062 ||| DRINKING 3 potions of heal wounds.
  5065 | D:5      | 5065 ||| DRINKING 2 potions of heal wounds.
  5178 | D:5      | 5178 ||| Invisible monster not found???
  5206 | D:5      | HP: 9/44 [something (3)]
  5207 | D:5      | 5207 ||| READING 3 scrolls of teleportation.
  5208 | D:5      | 5208 ||| DRINKING potion of heal wounds.
  5313 | D:5      | 5313 ||| Invisible monster not found???
  5435 | D:5      | Reached XP level 8. HP: 40/49 MP: 8/8
  5499 | D:5      | 5499 ||| STAIRDANCE
  5537 | D:4      | 5537 ||| EATING 10 rations.
  5538 | D:4      | 5538 ||| READING 2 scrolls of identify.
  5538 | D:4      | 5538 ||| IDENTIFYING fuming cyan potion
  5732 | D:5      | 5732 ||| UPGRADING to flail.
  5733 | D:5      | 5733 ||| SWAPPING to +0 war axe.
  5734 | D:5      | 5734 ||| DROPPING -1 flail.
  5737 | D:5      | Got a scintillating ivory ring
  5823 | D:5      | Reached skill level 8 in Axes
  6130 | D:5      | Reached skill level 6 in Fighting
  6272 | D:5      | 6272 ||| DRINKING potion of curing.
  6272 | D:5      | 6272 ||| (to cure confusion)
  6292 | D:5      | Killed Sigmund
  6603 | D:5      | Reached skill level 9 in Axes
  6661 | D:5      | Found a staircase to the Ecumenical Temple.
  6667 | Temple   | Entered the Ecumenical Temple
  6668 | Temple   | 6668 ||| Entered T.
  6691 | Temple   | Became a worshipper of Warmaster Okawaru
  6752 | Temple   | 6752 ||| EATING 13 rations.
  6908 | Temple   | 6908 ||| UPGRADING to scintillating ivory ring.
  6909 | Temple   | Identified the cursed ring of Irrepressible Laughter {+Inv EV-2} (You took it off an orc wizard on level 5 of the Dungeon)
  6910 | Temple   | 6910 ||| READING 3 scrolls of remove curse.
  6911 | Temple   | 6911 ||| REMOVING ring of Irrepressible Laughter {+Inv EV-2}.
  6912 | Temple   | 6912 ||| DROPPING ring of Irrepressible Laughter {+Inv EV-2}.
  6913 | Temple   | 6913 ||| UPGRADING to +4 ring of evasion.
  7050 | D:6      | 7050 ||| STAIRDANCE
  7164 | D:6      | 7164 ||| STAIRDANCE
  7281 | D:6      | Reached XP level 9. HP: 32/56 MP: 9/9
  7283 | D:6      | HP: 5/56 [orc warrior/halberd (17)]
  7284 | D:6      | 7284 ||| READING 2 scrolls of teleportation.
  7292 | D:6      | 7292 ||| READING scroll of teleportation.
  7297 | D:6      | 7297 ||| STAIRDANCE
  7588 | D:6      | HP: 7/56 [orc warrior/halberd (17)]
  7590 | D:6      | 7590 ||| STAIRDANCE
  7859 | D:5      | 7859 ||| EATING 12 rations.
  8174 | D:6      | 8174 ||| STAIRDANCE
  8398 | D:5      | 8398 ||| DROPPING +0 scale mail.
  8399 | D:5      | 8399 ||| READING scroll labeled EHIJYQIR LEKKO.
  8400 | D:5      | 8400 ||| READING scroll labeled FERROSOIMU.
  8426 | D:6      | Reached * piety under Okawaru
  8448 | D:6      | 8448 ||| INVOKING Heroism.
  8454 | D:6      | Reached skill level 1 in Invocations
  8738 | D:6      | 8738 ||| INVOKING Heroism.
  8838 | D:6      | 8838 ||| STAIRDANCE
  8866 | D:5      | 8866 ||| UPGRADING to shiny chain mail.
  8876 | D:5      | 8876 ||| UPGRADING to +0 plate armour.
  8886 | D:5      | 8886 ||| DROPPING +2 chain mail of positive energy.
  8887 | D:5      | 8887 ||| REMOVING +0 shield.
  8892 | D:5      | 8892 ||| SWAPPING to battleaxe.
  8893 | D:5      | 8893 ||| DROPPING +0 shield.
  8900 | D:6      | Reached skill level 3 in Invocations
  8935 | D:6      | 8935 ||| INVOKING Heroism.
  9163 | D:7      | You fall through a shaft!
  9166 | D:8      | 9166 ||| Shafted from D:7 to D:8.
  9214 | D:8      | Found a bloodstained altar of Trog.
  9253 | D:8      | 9253 ||| INVOKING Heroism.
  9255 | D:8      | Reached skill level 6 in Armour
  9263 | D:8      | Reached XP level 10. HP: 47/63 MP: 11/13
  9349 | D:7      | 9349 ||| Successfully unshafted to D:7.
  9387 | D:7      | Reached skill level 10 in Axes
  9398 | D:7      | Reached ** piety under Okawaru
  9780 | D:7      | 9780 ||| INVOKING Heroism.
  9858 | D:7      | Noticed KleinerIrrer's ghost (novice FoFi)
  9869 | D:7      | 9869 ||| INVOKING Heroism.
  9882 | D:7      | Killed KleinerIrrer's ghost
 10266 | D:7      | 10266 ||| UPGRADING to ring of evasion.
 10268 | D:7      | 10268 ||| UPGRADING to +4 ring of evasion.
 10270 | D:7      | 10270 ||| UPGRADING to +3 ring of evasion.
 10272 | D:7      | 10272 ||| DROPPING ring of resist corrosion.
 10273 | D:7      | 10273 ||| READING scroll labeled TAUDUBL BUAMU.
 10343 | D:8      | 10343 ||| UPGRADING to dire flail.
 10344 | D:8      | 10344 ||| SWAPPING to +0 battleaxe.
 10364 | D:8      | Noticed KleinerIrrer's ghost (novice FoFi)
 10364 | D:8      | 10364 ||| INVOKING Heroism.
 10385 | D:8      | Killed KleinerIrrer's ghost
 10385 | D:8      | Reached skill level 9 in Fighting
 10454 | D:8      | Noticed a two-headed ogre
 10471 | D:8      | 10471 ||| STAIRDANCE
 10512 | D:8      | 10512 ||| STAIRDANCE
 10514 | D:7      | 10514 ||| INVOKING Heroism.
 10520 | D:7      | Killed a two-headed ogre
 10708 | D:8      | Reached *** piety under Okawaru
 10731 | D:8      | 10731 ||| READING scroll of enchant armour.
 10731 | D:8      | 10731 ||| ENCHANTING +0 pair of gloves.
 10912 | D:8      | 10912 ||| INVOKING Heroism.
 10922 | D:8      | Reached skill level 11 in Axes
 11308 | D:8      | 11308 ||| EATING 22 rations.
 11344 | D:8      | Reached XP level 11. HP: 67/71 MP: 14/14
 11411 | D:8      | 11411 ||| READING 10 scrolls of identify.
 11411 | D:8      | 11411 ||| IDENTIFYING sedimented red potion
 11412 | D:8      | 11412 ||| DROPPING potion of invisibility.
 11484 | D:9      | 11484 ||| INVOKING Heroism.
 11509 | D:9      | 11509 ||| INVOKING Heroism.
 11666 | D:9      | Found a staircase to the Orcish Mines.
 11667 | D:9      | 11667 ||| INVOKING Heroism.
 11672 | D:9      | Noticed a two-headed ogre
 11687 | D:9      | Killed a two-headed ogre
 11710 | D:9      | 11710 ||| STAIRDANCE
 11813 | D:8      | 11813 ||| READING 9 scrolls of identify.
 11813 | D:8      | 11813 ||| IDENTIFYING glowing sapphire potion
 11814 | D:8      | 11814 ||| DROPPING potion of lignification.
 11817 | D:9      | 11817 ||| STAIRDANCE
 11855 | D:9      | 11855 ||| INVOKING Heroism.
 11884 | D:9      | 11884 ||| DROPPING +0 flail.
 11885 | D:9      | 11885 ||| UPGRADING to morningstar.
 11886 | D:9      | 11886 ||| SWAPPING to +0 battleaxe.
 11906 | D:9      | 11906 ||| UPGRADING to glowing flail.
 11907 | D:9      | 11907 ||| SWAPPING to +0 battleaxe.
 11908 | D:9      | 11908 ||| DROPPING +1 flail of draining.
 12205 | D:10     | Entered Level 10 of the Dungeon
 12315 | D:10     | 12315 ||| INVOKING Heroism.
 12335 | D:10     | 12335 ||| Eating in order to wield vampiric weapon.
 12335 | D:10     | 12335 ||| EATING 22 rations.
 12336 | D:10     | 12336 ||| Eating in order to wield vampiric weapon.
 12336 | D:10     | 12336 ||| EATING 21 rations.
 12337 | D:10     | 12337 ||| UPGRADING to vampiric war axe.
 12338 | D:10     | 12338 ||| UPGRADING to +0 battleaxe.
 12446 | D:10     | 12446 ||| INVOKING Heroism.
 12460 | D:10     | Reached **** piety under Okawaru
 12767 | D:10     | Killed an unseen horror
 12767 | D:10     | Reached skill level 12 in Axes
 12936 | D:10     | 12936 ||| INVOKING Heroism.
 13079 | D:10     | 13079 ||| INVOKING Heroism.
 13161 | D:10     | 13161 ||| INVOKING Heroism.
 13401 | D:10     | 13401 ||| INVOKING Heroism.
 13549 | D:10     | 13549 ||| UPGRADING to tiny silver amulet.
 13550 | D:10     | 13550 ||| READING 8 scrolls of identify.
 13550 | D:10     | 13550 ||| IDENTIFYING dark potion
 13551 | D:10     | 13551 ||| DROPPING potion of flight.
 13685 | D:11     | 13685 ||| INVOKING Heroism.
 13785 | D:11     | Found a shattered altar of Ashenzari.
 13808 | D:11     | Noticed a purple ugly thing
 13855 | D:11     | Killed a purple ugly thing
 13855 | D:11     | Reached ***** piety under Okawaru
 13855 | D:11     | Reached skill level 6 in Invocations
 13856 | D:11     | 13856 ||| STAIRDANCE
 13930 | D:11     | 13930 ||| INVOKING Heroism.
 13988 | D:11     | 13988 ||| INVOKING Heroism.
 14011 | D:11     | Noticed a skeletal warrior
 14011 | D:11     | Noticed a skeletal warrior
 14012 | D:11     | 14012 ||| INVOKING Heroism.
 14019 | D:11     | Noticed a skeletal warrior
 14034 | D:11     | Killed a skeletal warrior
 14051 | D:11     | Killed a skeletal warrior
 14051 | D:11     | Received a gift from Okawaru
 14051 | D:11     | Reached skill level 9 in Armour
 14057 | D:11     | Killed a skeletal warrior
 14057 | D:11     | Reached XP level 12. HP: 40/77 MP: 9/17
 14224 | D:11     | 14224 ||| SWAPPING to runed broad axe {god gift}.
 14225 | D:11     | 14225 ||| SWAPPING to +0 battleaxe.
 14226 | D:11     | 14226 ||| DROPPING +1 vampiric war axe.
 14227 | D:11     | 14227 ||| DROPPING +0 war axe.
 14295 | D:11     | Found a staircase to the Lair.
 14490 | D:11     | 14490 ||| EATING 26 rations.
 14513 | D:11     | Noticed a five-headed hydra
 14514 | D:11     | 14514 ||| INVOKING Heroism.
 14515 | D:11     | 14515 ||| INVOKING Finesse.
 14516 | D:11     | 14516 ||| SWAPPING to +0 dire flail.
 14523 | D:11     | Killed a five-headed hydra
 14524 | D:11     | 14524 ||| SWAPPING to +0 battleaxe.
 14648 | D:11     | Cast into level 3 of the Abyss (a wizard)
 14704 | Abyss:3  | 14704 ||| INVOKING Heroism.
 14785 | Abyss:3  | 14785 ||| Invisible monster not found???
 14790 | Abyss:3  | 14790 ||| INVOKING Heroism.
 14800 | Abyss:3  | Noticed a starcursed mass
 14806 | Abyss:3  | Noticed a starcursed mass
 14809 | Abyss:3  | Noticed a starcursed mass
 14812 | Abyss:3  | HP: 15/77 [starcursed mass/accursed screaming (5)]
 14813 | Abyss:3  | 14813 ||| DRINKING 2 potions of heal wounds.
 14816 | Abyss:3  | Paralysed by accursed screaming for 1 turns
 14817 | Abyss:3  | HP: 9/77 [starcursed mass/accursed screaming (12)]
 14818 | Abyss:3  | 14818 ||| DRINKING potion of heal wounds.
 14819 | Abyss:3  | 14819 ||| INVOKING Heroism.
 14827 | Abyss:3  | HP: 13/77 [starcursed mass/accursed screaming (11)]
 14827 | Abyss:3  | Paralysed by accursed screaming for 1 turns
 14827 | Abyss:3  | HP: 2/77 [hell hound/blast of flame (11)]
 14828 | Abyss:3  | Killed from afar by a starcursed mass

Vault maps used:
D:1:      dpeg_arrival_rooms_a
D:3:      nicolae_ashenzari_panopticon, first_ration,
          chequers_ecumenical_altar_island, uniq_natasha
D:5:      minmay_temple_entry_enclosed_plants, kennysheep_generic_room_14,
          uniq_sigmund
D:7:      the_bakery, nrook_mini_vaults, item_on_display_a
D:8:      trog_book
D:9:      david_orc_2
D:11:     david_lair_shrubbed, hangedman_decor_clover_reticule,
          minmay_ruined_shrine, uniq_gastronok, uniq_psyche
Temple:   nicolae_temple_the_god_donut
Abyss:3:  minivault_28

Skill      XL: |  1  2  3  4  5  6  7  8  9 10 11 12 |
---------------+-------------------------------------+-----
Axes           | 2 3 4 5 7 9 11 12 | 12.7
Fighting       | 4 5 6 7 9 10 | 10.0
Dodging        | 1 2 |  2.2
Armour         | 6 7 9 |  9.0
Invocations    | 4 7 8 |  8.9
Shields        | |  3.2

Action                   |  1- 3 |  4- 6 |  7- 9 | 10-12 || total
-------------------------+-------+-------+-------+-------++-------
Melee: War axe           |   145 |   259 |   382 |       ||   786
       Battleaxe         |       |       |    48 |   552 ||   600
       Dire flail        |       |       |       |     6 ||     6
Throw: Tomahawk          |       |    13 |    66 |    52 ||   131
Invok: Heroism           |       |       |     4 |    23 ||    27
       Finesse           |       |       |       |     1 ||     1
  Use: Scroll            |     6 |     7 |    10 |     5 ||    28
       Potion            |       |       |     4 |     2 ||     6
  Eat: Chunk             |     2 |     6 |     7 |    11 ||    26
       Ration            |       |     1 |     3 |     4 ||     8
Armor: Scale mail        |   102 |   132 |   123 |       ||   357
       Plate armour      |       |       |    46 |   301 ||   347
Dodge: Dodged            |    52 |    92 |   196 |   342 ||   682
Block: Shield            |    79 |   160 |   173 |       ||   412

Table legend:
 A = Spawn XP
 B = Non-spawn XP
 C = Spawn XP percentage of total XP
 D = Spawn monster count
 E = Non-spawn monster count
 F = Spawn count percentage of total count
 G = Total turns spent on level
                    A         B        C        D         E        F      G
               +---------+---------+-------+---------+---------+-------+---------
         Total |    3252 |   20880 |  13.5 |      15 |     325 |   4.4 | 14828
               +---------+---------+-------+---------+---------+-------+---------
           D:1 |       0 |      61 |   0.0 |       0 |      34 |   0.0 |  1324
           D:2 |       0 |     123 |   0.0 |       0 |      27 |   0.0 |  1350
           D:3 |       0 |     198 |   0.0 |       0 |      24 |   0.0 |  1163
           D:4 |       0 |     575 |   0.0 |       0 |      22 |   0.0 |  1174
           D:5 |       0 |    1315 |   0.0 |       0 |      33 |   0.0 |  2810
           D:6 |       0 |    1755 |   0.0 |       0 |      38 |   0.0 |   973
           D:7 |       0 |    2924 |   0.0 |       0 |      18 |   0.0 |  1210
           D:8 |       0 |    2335 |   0.0 |       0 |      26 |   0.0 |  1284
           D:9 |       0 |    1571 |   0.0 |       0 |      21 |   0.0 |   654
          D:10 |       0 |    3653 |   0.0 |       0 |      45 |   0.0 |  1420
          D:11 |       0 |    6073 |   0.0 |       0 |      34 |   0.0 |  1023
       Abyss:3 |    3252 |     297 |  91.6 |      15 |       3 |  83.3 |   180
               +---------+---------+-------+---------+---------+-------+---------
